 Dungeon Crawl Stone Soup version 0.21-a0-150-gc243083 (webtiles) character file.

900 drasked the Grappler (level 7, 0/71 HPs)
             Began as a Troll Monk on July 28, 2017.
             Was a Priest of Okawaru.
             Slain by an orc warrior
             ... wielding a +0 mace
              (17 damage)
             ... on level 6 of the Dungeon.
             The game lasted 00:07:42 (4873 turns).

drasked the Grappler (Troll Monk)                   Turns: 4873, Time: 00:07:43

Health: 0/71       AC:  5    Str: 27    XL:     7   Next: 79%
Magic:  6/6        EV: 10    Int:  6    God:    Okawaru [***...]
Gold:   237        SH:  0    Dex: 12    Spells: 6/6 levels left

rFire    . . .     SeeInvis .     - Unarmed
rCold    . . .     Gourm    +   (no shield)
rNeg     . . .     Faith    .   a - +0 robe
rPois    .         Spirit   .   (helmet restricted)
rElec    .         Reflect  .   (no cloak)
rCorr    .         Harm     .   (gloves unavailable)
MR       .....                  (boots unavailable)
Stlth    ++........             r - amulet of regeneration {+regen, !d}
HPRegen  1.01/turn              w - +5 ring of strength
MPRegen  0.10/turn              (no ring)

@: no status effects
A: unfitting armour, claws 3, fast metabolism 3, gourmand, regeneration 1,
shaggy fur 1, tough skin 2
a: Heroism, Renounce Religion


You were on level 6 of the Dungeon.
You worshipped Okawaru.
Okawaru was most pleased with you.
You were full.

You visited 1 branch of the dungeon, and saw 6 of its levels.

You collected 237 gold pieces.

Inventory:

Armour
 a - a +0 robe (worn)
Magical Staves
 j - an uncursed staff of wizardry {unknown}
   (You found it on level 2 of the Dungeon)
Jewellery
 r - an amulet of regeneration (around neck) {+regen, !d}
   (You found it on level 4 of the Dungeon)
 w - a +5 ring of strength (left claw)
   (You found it on level 4 of the Dungeon)
Wands
 q - a wand of flame (15/48)
   (You took it off Ijyb on level 5 of the Dungeon)
 x - a wand of acid (4/15)
   (You found it on level 5 of the Dungeon)
Scrolls
 d - 4 scrolls of identify {unknown}
 e - 4 scrolls of remove curse
 g - 2 scrolls of magic mapping {unknown}
 i - 3 scrolls of enchant weapon {unknown}
 l - a scroll of teleportation {unknown}
 n - a scroll of noise {unknown}
 s - a scroll of random uselessness {unknown}
 v - a scroll of fear {unknown}
 y - a scroll of immolation {unknown}
 z - a scroll of silence {unknown}
Potions
 c - a potion of brilliance {unknown}
 m - 5 potions of curing
 o - a potion of ambrosia {unknown}
 p - a potion of mutation {unknown}
 t - a potion of degeneration {unknown}
 u - a potion of lignification {unknown}
Comestibles
 b - 5 bread rations {@e1}
 f - 11 fruits
 h - 4 royal jellies
 k - 7 meat rations {@e2}


   Skills:
 + Level 4.7 Fighting
 - Level 2.4 Dodging
 - Level 1.0 Stealth
 * Level 8.0 Unarmed Combat


You had 6 spell levels left.
You didn't know any spells.

Dungeon Overview and Level Annotations

Branches:
Dungeon (6/15)
 Temple: D:4-7

Altars:
Ashenzari
Dithmenos
Elyvilon
Hepliaklqana
Kikubaaqudgha
Okawaru
Qazlal
Trog
Uskayaw
Wu Jian
Yredelemnul


Innate Abilities, Weirdness & Mutations

You are too large for most types of armour.
You have claws for hands.
Your metabolism is lightning-fast.
You like to eat raw meat.
Your natural rate of healing is unusually fast.
You are covered in fur. (AC +1)
You have very tough skin. (AC +2)


Message History

You kill the shadow imp!
Okawaru accepts your kill.
No target in view!
No target in view!
No target in view!
Found a stone staircase leading up.
Found a stone staircase leading down.
You now have 237 gold pieces (gained 10).
Found an escape hatch in the ceiling.
There is an escape hatch in the ceiling here.
h - 4 royal jellies (gained 1)
z - a scroll labeled MAMMAO FUOV You may need something to eat soon, looking for food.
Can't find anything matching that.
Okay, then.
Found a bloodstained altar of Trog.
An orc wizard comes into view. It is wielding a dagger.
The orc wizard shouts!
An orc comes into view. It is wielding a flail of crushing.
There are monsters nearby!
An orc warrior comes into view. It is wielding a mace.
The orc warrior shouts!
An orc wizard comes into view. It is wielding a dagger.
The orc wizard hits you but does no damage.
You scratch the orc wizard. The orc wizard closely misses you.
The orc throws a tomahawk of dispersal.
The tomahawk of dispersal hits you.
You blink.
Found 24 bolts.
Found an escape hatch in the floor.
You take 1 damage, and have 70/71 hp.
Health restored: 71 The orc wizard points at you and mumbles some strange words.
The puff of flame misses you.
You barely miss the orc warrior. The orc warrior barely misses you.
You scratch the orc warrior.
The orc wizard hits you but does no damage.
You scratch the orc wizard.
The orc wizard gestures at you while chanting.
You are confused.
The orc throws a tomahawk of dispersal.
The tomahawk of dispersal hits you but does no damage.
The orc wizard hits you but does no damage.
The orc warrior closely misses you.
You miss the orc wizard. You claw the orc wizard.
The orc wizard casts a spell at you. The magic dart hits you!
The orc throws a tomahawk of dispersal.
The tomahawk of dispersal hits you but does no damage.
The orc wizard barely misses you.
You take 6 damage, and have 65/71 hp.
You scratch the orc wizard. The orc warrior barely misses you.
The orc wizard hits you with a dagger.
The orc throws a tomahawk of dispersal.
The tomahawk of dispersal completely misses you.
You take 1 damage, and have 64/71 hp.
You're too confused to move!
The orc wizard hits you but does no damage.
The orc warrior hits you with a mace! The orc wizard barely misses you.
The orc throws a tomahawk of dispersal.
The tomahawk of dispersal closely misses you.
You take 15 damage, and have 49/71 hp.
MASSIVE DAMAGE!!
You scratch the orc wizard but do no damage.
The orc wizard barely misses you.
The orc wizard hits you but does no damage.
The orc warrior hits you with a mace!
You take 9 damage, and have 40/71 hp.
Unknown command.
You're too confused to move!
You feel less confused. The orc warrior hits you with a mace!
The orc wizard mumbles some strange words.
The orc wizard flickers and vanishes!
Deactivating autopickup; reactivate with Ctrl-A.
You take 16 damage, and have 25/71 hp.
MASSIVE DAMAGE!!
You barely miss something. The orc closely misses you.
The orc warrior hits you with a mace.
* * * LOW HITPOINT WARNING * * *
Something hits you.
* * * LOW HITPOINT WARNING * * *
You take 5 damage, and have 20/71 hp.
Unknown command.
You claw something! Okawaru accepts your kill.
Reactivating autopickup.
You feel a bit more experienced.
The orc wizard hits you but does no damage.
The orc hits you with a flail of crushing.
* * * LOW HITPOINT WARNING * * *
x2 The orc warrior hits you with a mace!
* * * LOW HITPOINT WARNING * * *
You take 15 damage, and have 5/71 hp.
MASSIVE DAMAGE!!
It was a potion of curing.
You feel better.
The orc wizard mumbles some strange words.
The orc wizard flickers and vanishes!
Deactivating autopickup; reactivate with Ctrl-A.
The orc barely misses you.
You regained 10 hp, and now have 15/71 hp.
Something hits you but does no damage. The orc warrior hits you with a mace!
You die...

#.......#....##
#._...........#
#.............# .....
#ยง.#........... ....
#.##........... ...
#.##.)..(......
#..##.##.o.........
#..#..##.o.........
#..#.####@.......>#
#....# #........##
##...####.......... .
#....##[...........
..#...#.............
.....................
...............###...
...............# #..
#.....###.......# .


You could see an orc warrior and an orc.

Vanquished Creatures
  A phantom (D:5)
  A sky beast (D:5)
  An ogre (D:4)
  A centaur (D:6)
  An orc priest (D:4)
  Jessica (D:3)
  A centaur skeleton (D:4)
  2 orc wizards
  5 worker ants
  Ijyb (D:5)
  A hound zombie (D:6)
  7 gnolls (D:3)
  A howler monkey skeleton (D:4)
  4 adders
  A worker ant zombie (D:5)
  3 shadow imps
  An ooze (D:2)
  5 worms
  A dart slug (D:4)
  2 leopard geckos (D:2)
  16 orcs
  4 giant cockroaches
  9 goblins
  8 hobgoblins
  2 quokkas
  6 bats
  8 frilled lizards
  8 kobolds
  A quokka skeleton (D:4)
  9 rats
112 creatures vanquished.

Notes
Turn   | Place    | Note
-------+----------+-------------------------------------------
     0 | D:1      | drasked the Troll Monk began the quest for the Orb.
     0 | D:1      | Reached XP level 1. HP: 22/22 MP: 0/0
   293 | D:1      | Reached XP level 2. HP: 29/29 MP: 1/1
   936 | D:2      | Reached skill level 4 in Unarmed Combat
   936 | D:2      | Reached XP level 3. HP: 34/36 MP: 2/2
   983 | D:2      | Found a white marble altar of Elyvilon.
  1355 | D:3      | Reached skill level 3 in Fighting
  1438 | D:3      | Reached XP level 4. HP: 45/45 MP: 3/3
  1754 | D:3      | Found a shadowy altar of Dithmenos.
  1769 | D:3      | Found a stormy altar of Qazlal.
  1769 | D:3      | Found a shattered altar of Ashenzari.
  1769 | D:3      | Found a hazy altar of Hepliaklqana.
  1771 | D:3      | Found a hide-covered altar of Uskayaw.
  1807 | D:3      | Found an ornate altar of the Wu Jian Council.
  1830 | D:3      | Noticed Jessica
  1837 | D:3      | Killed Jessica
  1837 | D:3      | Reached skill level 5 in Unarmed Combat
  1837 | D:3      | Reached XP level 5. HP: 53/53 MP: 4/4
  2138 | D:3      | Found an iron altar of Okawaru.
  2309 | D:3      | Became a worshipper of Warmaster Okawaru
  2309 | D:3      | Reached * piety under Okawaru
  2309 | D:3      | Reached ** piety under Okawaru
  2809 | D:4      | Reached XP level 6. HP: 62/62 MP: 5/5
  2850 | D:4      | Reached skill level 6 in Unarmed Combat
  2916 | D:4      | Reached skill level 4 in Fighting
  3437 | D:4      | Found a basalt altar of Yredelemnul.
  3602 | D:5      | Entered Level 5 of the Dungeon
  3666 | D:5      | Reached skill level 7 in Unarmed Combat
  3666 | D:5      | Reached XP level 7. HP: 60/70 MP: 6/6
  3706 | D:5      | Noticed Ijyb
  3727 | D:5      | Killed Ijyb
  3887 | D:5      | Found an ancient bone altar of Kikubaaqudgha.
  4618 | D:6      | Reached *** piety under Okawaru
  4618 | D:6      | Reached skill level 8 in Unarmed Combat
  4850 | D:6      | Found a bloodstained altar of Trog.
  4870 | D:6      | HP: 5/71 [orc warrior/mace (13)]
  4873 | D:6      | Slain by an orc warrior

Vault maps used:
D:1:      onia_arrival_mini_spirals
D:2:      elyvilon_altar_4
D:3:      overflow_temple_1_default, minitemple, okawaru_altar_gauntlet_db,
          uniq_jessica
D:4:      kennysheep_mini_moat
D:5:      nicolae_overflow_hidden_temple, first_bread, uniq_ijyb
D:6:      bloody_trog, lemuel_coloured_pillars_altar

Skill      XL: |  1  2  3  4  5  6  7 |
---------------+----------------------+-----
Unarmed Combat | 4 5 7 8 |  8.0
Fighting       | 3 4 |  4.7
Dodging        | |  2.4
Stealth        | |  1.0

Action                   |  1- 3 |  4- 6 |  7- 9 || total
-------------------------+-------+-------+-------++-------
Melee: Unarmed           |   102 |   136 |    61 ||   299
       Punch             |     1 |     2 |     3 ||     6
  Use: Scroll            |       |     1 |       ||     1
       Potion            |       |       |     1 ||     1
 Stab: Sleeping          |     3 |     3 |     1 ||     7
  Eat: Chunk             |    16 |    23 |     8 ||    47
Armor: Robe              |    37 |    36 |    14 ||    87
Dodge: Dodged            |    44 |    57 |    27 ||   128

Vault maps used:
D:1:      onia_arrival_mini_spirals
D:2:      elyvilon_altar_4
D:3:      overflow_temple_1_default, minitemple, okawaru_altar_gauntlet_db,
          uniq_jessica
D:4:      kennysheep_mini_moat
D:5:      nicolae_overflow_hidden_temple, first_bread, uniq_ijyb
D:6:      bloody_trog, lemuel_coloured_pillars_altar

Table legend:
 A = Turns spent in this place as a percentage of turns spent in the entire game.
 B = Non-inter-level travel turns spent in this place as a percentage of non-inter-level travel turns spent in the entire game.
 C = Inter-level travel turns spent in this place as a percentage of turns spent in this place.
 D = Turns resting spent in this place as a percentage of non-inter-level travel turns spent in this place.
 E = Turns spent auto-exploring this place as a percentage of non-inter-level travel turns spent in this place.
 F = Non-inter-level travel turns spent in this place divided by the number of levels of this place that you've seen.
                   A       B       C       D       E      F
               +-------+-------+-------+-------+-------+----------------------
         Total | 100.0 | 100.0 |   0.4 |   2.1 |  10.0 | 266.3
       Dungeon | 100.0 | 100.0 |   0.4 |   2.1 |  10.0 | 266.3
               +-------+-------+-------+-------+-------+----------------------

Table legend:
 A = Kills in this place as a percentage of kills in entire the game.
 B = Kills by you in this place as a percentage of kills by you in the entire game.
 C = Kills by friends in this place as a percentage of kills by friends in the entire game.
 D = Other kills in this place as a percentage of other kills in the entire game.
 E = Experience gained in this place as a percentage of experience gained in the entire game.
 F = Experience gained in this place divided by the number of levels of this place that you have seen.
                   A       B       C       D       E      F
               +-------+-------+-------+-------+-------+----------------------
         Total | 100.0 | 100.0 |  -nan |  -nan | 100.0 | 214.5
       Dungeon | 100.0 | 100.0 |  -nan |  -nan | 100.0 | 214.5
               +-------+-------+-------+-------+-------+----------------------
